 Dungeon Crawl Stone Soup version 0.31-a0-1278-g11c5b68f87 (webtiles) character file.

Game seed: 7579769548780776688

15027697 Gonzollydolly the Conqueror (level 27, 174/174 HPs)
             Began as a Vine Stalker Warper on Dec 10, 2023.
             Was the Champion of Wu Jian.
             Escaped with the Orb
             ... and 15 runes on Dec 17, 2023!
             The game lasted 12:33:43 (104965 turns).

Gonzollydolly the Conqueror (Vine Stalker Warper) Turns: 104965, Time: 12:33:44

Health: 174/174    AC: 16    Str: 31    XL:     27
Magic:  62/62      EV: 28    Int: 13    God:    Wu Jian [******]
Gold:   11951      SH: 33    Dex: 23    Spells: 37/77 levels left

rFire   + +          .
                       - Unarmed
rCold   + + +        z - +7 tower shield {rC+ rF+}
rNeg    + + +        Y - +1 robe of Vines {NoPotionHeal Regen++++}
rPois   ∞            G - +1 helmet of Crawling {rF+ rCorr Int-3 Stlth+}
rElec   +            p - +2 cloak {Will+}
rCorr   +            n - +2 pair of gloves
SInv    +            y - +2 pair of boots {Fly}
Will    +++++        F - amulet of Jypey {Regen+ MP+9 Str+2}
Stlth   +++          M - ring of see invisible
HPRegen 5.29/turn    u - ring "Waabrur" {rElec rC+ Str+4 Int+3 Dex+6}
MPRegen 0.38/turn

%: guardian spirit
@: death-form, flying, studying 4 skills
A: vile attack, torment immunity, no potions, fangs 3, regeneration 1, magic
shield, antimagic bite, no potion heal 2, deterioration 1
0: Orb of Zot
}: 15/15 runes: decaying, slimy, silver, golden, iron, obsidian, icy, bone,
abyssal, demonic, glowing, magical, fiery, dark, gossamer
a: Siphon Essence, Begin Untransformation, Renounce Religion, Wall Jump,
Serpent's Lash, Heavenly Storm


You escaped.
You worshipped Wu Jian.
Wu Jian was exalted by your worship.
You were an undying horror.
You visited 18 branches of the dungeon, and saw 88 of its levels.
You visited Pandemonium 3 times, and saw 16 of its levels.
You visited the Abyss 2 times.
You visited 2 bazaars.
You visited 1 ziggurat, and saw 12 of its levels.
You also visited: Sewer and Ice Cave.

You collected 20359 gold pieces.
You spent 8408 gold pieces at shops.

Inventory:

Missiles
 c - 9 darts of dispersal
 q - 13 curare-tipped darts
 H - 6 throwing nets
Armour
 n - a +2 pair of gloves (worn)
 p - a +2 cloak of willpower (worn)
 y - a +2 pair of boots of flying (worn)
 z - a +7 tower shield of resistance (worn)
 G - the +1 helmet of Crawling (worn) {rF+ rCorr Int-3 Stlth+}
   (You found it on level 1 of the Depths)

   Int-3:     It affects your intelligence (-3).
   rF+:       It protects you from fire.
   rCorr:     It protects you from acid and corrosion.
   Stlth+:    It makes you more stealthy.
 I - the +2 hood of the Assassin {Detect Stab+ Stlth++}
   (You found it on level 7 of Gehenna)

   Detect:    It allows the wearer to sense nearby creatures.
   Stab+:     It allows the wearer to make particularly effective stabbing
   attacks against helpless or unaware enemies with any weapon.
   Stlth++:   It makes you much more stealthy.
 L - quicksilver dragon scales
 Q - a +4 tower shield of protection
 U - the +1 cloak of Qiveuskoa {rPois rF+++ rC+ Str-5}
   (You found it on level 3 of the Tomb of the Ancients)

   Str-5:     It affects your strength (-5).
   rF+++:     It renders you almost immune to fire.
   rC+:       It protects you from cold.
   rPois:     It protects you from poison
 Y - the +1 robe of Vines (worn) {NoPotionHeal Regen++++}
   (You found it on level 13 of the Dungeon)

   NoPotionHeal: Its wearer cannot be healed by potions.
   Regen++++: It increases your rate of health regeneration.
 Z - the orb of Dispater {+Damnation *Corrode AC+5}
   (You took it off Dispater on level 7 of the Iron City of Dis)

   +Damnation: It grants the ability to hurl damnation at the cost of health and
   magic, with strength depending on Evocations skill.
   AC+5:      It affects your AC (+5).
   *Corrode:  It may corrode you when you take damage.
Jewellery
 j - the ring of Joentop {rF+ rC+ AC+4 Str+3 Stlth+}
   (You bought it in a shop in a bazaar)

   [ring of protection]

   AC+4:      It affects your AC (+4).
   Str+3:     It affects your strength (+3).
   rF+:       It protects you from fire.
   rC+:       It protects you from cold.
   Stlth+:    It makes you more stealthy.
 u - the ring "Waabrur" (right hand) {rElec rC+ Str+4 Int+3 Dex+6}
   (You bought it in a shop on level 2 of the Orcish Mines)

   [ring of dexterity]

   Str+4:     It affects your strength (+4).
   Int+3:     It affects your intelligence (+3).
   Dex+6:     It affects your dexterity (+6).
   rC+:       It protects you from cold.
   rElec:     It insulates you from electricity.
 x - the ring of the Tortoise {AC+8}
   (You found it on level 3 of the Elven Halls)

   [ring of protection]

   AC+8:      It affects your AC (+8).
 F - the amulet of Jypey (around neck) {Regen+ MP+9 Str+2}
   (You acquired it in Pandemonium)

   [amulet of regeneration]

   Str+2:     It affects your strength (+2).
   MP+9:      It affects your magic capacity (+9).
   Regen+:    It increases your rate of health regeneration.
 J - the ring "Quw Mul" {rElec Int+6}
   (You found it on level 3 of the Tomb of the Ancients)

   [ring of intelligence]

   Int+6:     It affects your intelligence (+6).
   rElec:     It insulates you from electricity.
 M - a ring of see invisible (left hand)
 P - the ring of Prescription {AC+4 Str+8 Int-4 Slay+6 Stlth-}
   (You found it on level 7 of Tartarus)

   [ring of protection]

   AC+4:      It affects your AC (+4).
   Str+8:     It affects your strength (+8).
   Int-4:     It affects your intelligence (-4).
   Slay+6:    It affects your accuracy & damage with ranged weapons and melee
   (+6).
   Stlth-:    It makes you less stealthy.
 X - the ring of Day {Will+ AC+4}
   (You found it on level 3 of the Tomb of the Ancients)

   [ring of protection]

   AC+4:      It affects your AC (+4).
   Will+:     It increases your willpower.
Talismans
 g - a storm talisman
 o - a talisman of death (active)
 K - a granite talisman
Wands
 a - a wand of digging (29)
 r - a wand of charming (39)
 D - a wand of acid (39)
 N - a wand of mindburst (91)
 T - a wand of roots (125)
Scrolls
 b - 6 scrolls of blinking
 f - 22 scrolls of fog
 i - 28 scrolls of teleportation
 v - 15 scrolls of fear
 w - 4 scrolls of butterflies
 V - 2 scrolls of revelation
Potions
 d - 5 potions of cancellation
 e - 4 potions of haste
 k - 19 potions of curing
 l - 6 potions of magic
 t - 9 potions of resistance
 A - 8 potions of might
 C - 9 potions of brilliance
 E - 13 potions of enlightenment
Miscellaneous
 h - a lightning rod (4/4)
 m - a phial of floods
 s - the horn of Geryon
 O - a box of beasts
 R - a phantom mirror
 S - a tin of tremorstones (2/2)
 W - a figurine of a ziggurat


   Skills:
 O Level 27 Fighting
 - Level 0.8 Throwing
 - Level 10.1 Armour
 - Level 19.4 Dodging
 - Level 18.1 Stealth
 + Level 24.4 Shields
 O Level 27 Unarmed Combat
 + Level 25.9 Spellcasting
 - Level 3.4 Conjurations
 - Level 10.0 Hexes
 - Level 16.4 Translocations
 - Level 7.6 Transmutations
 - Level 5.7 Air Magic
 - Level 4.7 Poison Magic
 - Level 16.5 Evocations
 - Level 23.0 Shapeshifting


You had 37 spell levels left.
You knew the following spells:

 Your Spells              Type           Power      Damage    Failure   Level
a - Blink                 Tloc           100%       N/A       0%          2
b - Lesser Beckoning      Tloc           100%       N/A       0%          2
c - Manifold Assault      Tloc           56%        N/A       1%          4
d - Vhi's Electric Charg  Tloc/Air       90%        N/A       1%          4
e - Dispersal             Tloc           28%        N/A       1%          6
f - Yara's Violent Unrav  Hex/Tmut       19%        3d9       1%          5
g - Wereblood             Tmut           36%        N/A       1%          2
h - Ignite Poison         Fire/Tmut/Pois 27%        N/A       1%          3
i - Apportation           Tloc           100%       N/A       0%          1
k - Passage of Golubria   Tloc           56%        N/A       1%          4
l - Iskenderun's Mystic   Conj/Tloc      42%        2d10      1%          4
m - Gell's Gravitas       Tloc           56%        N/A       0%          3

Your spell library contained the following spells:

 Spells                   Type           Power      Damage    Failure   Level
 Teleport Other           Tloc           56%        N/A       0%          3
 Foxfire                  Conj/Fire      84%        2x1d8     1%          1
 Kiss of Death            Conj/Necr      84%        2d11      1%          1
 Magic Dart               Conj           100%       1d8       1%          1
 Sting                    Tmut/Pois      100%       1d8       1%          1
 Cigotuvi's Dreadful Rot  Necr/Pois/Air  50%        N/A       1%          2
 Ensorcelled Hibernation  Hex/Ice        58%        N/A       1%          2
 Jinxbite                 Hex            84%        N/A       1%          2
 Momentum Strike          Conj/Tloc      84%        3d10      1%          2
 Passwall                 Tmut/Erth      21%        N/A       1%          2
 Poisonous Vapours        Pois/Air       60%        N/A       1%          2
 Static Discharge         Conj/Air       56%        3-6/arc   1%          2
 Confusing Touch          Hex            42%        N/A       1%          3
 Dazzling Flash           Conj/Hex       68%        N/A       1%          3
 Inner Flame              Hex/Fire       29%        N/A       1%          3
 Mephitic Cloud           Conj/Pois/Air  29%        N/A       1%          3
 Summon Guardian Golem    Hex/Summ       29%        N/A       1%          3
 Swiftness                Air            31%        N/A       1%          3
 Tukima's Dance           Hex            42%        N/A       1%          3
 Volatile Blastmotes      Fire/Tloc      76%        2d16      1%          3
 Cause Fear               Hex            21%        N/A       1%          4
 Dimensional Bullseye     Hex/Tloc       25%        N/A       1%          4
 Fulminant Prism          Conj/Hex       17%        3d10      1%          4
 Necrotise                Necr           64%        1d7       2%          1
 Sandblast                Erth           32%        2d9       2%          1
 Summon Small Mammal      Summ           64%        N/A       2%          1
 Silence                  Hex/Air        18%        N/A       2%          5
 Summon Forest            Summ/Tloc      19%        N/A       2%          5
 Call Imp                 Summ           32%        N/A       3%          2
 Scorch                   Fire           32%        2d6       3%          2
 Sublimation of Blood     Necr           16%        N/A       3%          2
 Hailstorm                Conj/Ice       21%        3d7       3%          3
 Stone Arrow              Conj/Erth      42%        3d9       3%          3
 Anguish                  Hex/Necr       14%        N/A       3%          4
 Leda's Liquefaction      Tmut/Erth      13%        N/A       5%          4
 Petrify                  Tmut/Erth      26%        N/A       5%          4
 Alistair's Intoxication  Tmut/Pois      22%        N/A       5%          5
 Irradiate                Conj/Tmut      15%        3d16      7%          5
 Call Canine Familiar     Summ           16%        N/A       8%          3
 Frozen Ramparts          Ice            32%        1d5       8%          3
 Ozocubu's Armour         Ice            16%        N/A       8%          3
 Vampiric Draining        Necr           16%        2d7       8%          3
 Metabolic Englaciation   Hex/Ice        14%        N/A       9%          5
 Summon Mana Viper        Hex/Summ       29%        N/A       9%          5
 Arcjolt                  Conj/Air       14%        1d24      11%         5
 Brom's Barrelling Bould  Conj/Erth      21%        2d4       12%         4
 Flame Wave               Conj/Fire      21%        2d8       12%         4
 Sticky Flame             Conj/Fire      21%        2d4       12%         4
 Iskenderun's Battlesphe  Conj           25%        2d8       17%         5
 Disjunction              Tloc           28%        N/A       19%         8
 Freezing Cloud           Conj/Ice/Air   12%        6-21      21%         5
 Animate Armour           Summ/Erth      32%        N/A       26%         4
 Animate Dead             Necr           16%        N/A       26%         4
 Dispel Undead            Necr           16%        3d10      26%         4
 Summon Ice Beast         Ice/Summ       16%        N/A       26%         4
 Eringya's Noxious Bog    Tmut/Pois      16%        4d6       30%         6
 Fireball                 Conj/Fire      10%        3d6       34%         5
 Enfeeble                 Hex            21%        N/A       34%         7
 Conjure Ball Lightning   Conj/Air       14%        3x3d6     50%         6
 Agony                    Necr           16%        N/A       56%         5
 Borgnjor's Vile Clutch   Necr/Erth      8%         N/A       56%         5
 Lee's Rapid Deconstruct  Erth           8%         3d7*      56%         5
 Malign Gateway           Summ/Tloc      19%        N/A       58%         7
 Plasma Beam              Fire/Air       12%        2x1d23    75%         6
 Bombard                  Conj/Erth      10%        9d3       88%         6
 Starburst                Conj/Fire      10%        6d5       88%         6
 Discord                  Hex            21%        N/A       95%         8
 Death Channel            Necr           8%         N/A       98%         6
 Simulacrum               Ice/Necr       8%         N/A       98%         6
 Summon Cactus Giant      Summ           8%         N/A       98%         6
 Orb of Destruction       Conj           12%        9d7       99%         7
 Haunt                    Necr/Summ      8%         N/A       100%        7
 Monstrous Menagerie      Summ           8%         N/A       100%        7
 Ozocubu's Refrigeration  Ice            8%         4d9       100%        7
 Summon Hydra             Summ           8%         N/A       100%        7
 Borgnjor's Revivificati  Necr           8%         N/A       100%        8
 Ignition                 Fire           8%         3d5       100%        8
 Infestation              Necr           8%         N/A       100%        8
 Lehudib's Crystal Spear  Conj/Erth      10%        10d4      100%        8
 Maxwell's Capacitive Co  Air            15%        ∞         100%        8
 Summon Horrible Things   Summ           8%         N/A       100%        8
 Death's Door             Necr           8%         N/A       100%        9
 Fire Storm               Conj/Fire      10%        8d3       100%        9
 Polar Vortex             Ice            8%         12d1*     100%        9


Dungeon Overview and Level Annotations

Branches:
Dungeon (15/15)            Temple (1/1) D:4            Lair (5/5) D:10
  Swamp (4/4) Lair:2       Spider (4/4) Lair:3        Slime (5/5) Lair:4
    Orc (2/2) D:9             Elf (3/3) Orc:2        Vaults (5/5) D:13
  Crypt (3/3) Vaults:2       Tomb (3/3) Crypt:3      Depths (4/4) D:15
   Hell (visited)             Dis (7/7) Hell            Geh (7/7) Hell
    Coc (7/7) Hell            Tar (7/7) Hell            Zot (5/5) Depths:4
  Sewer (visited)           IceCv (visited)

Altars:
Ashenzari
Cheibriados
Dithmenos
Elyvilon
Fedhas
Gozag
Hepliaklqana
Kikubaaqudgha
Makhleb
Nemelex Xobeh
Okawaru
Qazlal
Ru
Sif Muna
Trog
Uskayaw
Vehumet
Wu Jian
Xom
Yredelemnul
Zin
The Shining One
Jiyva

Shops:
D:10 =[*   D:12 ?   D:13 !   Orc:2 :[=*   Elf:1 (*(   Elf:3 (   Vaults:1 (
Depths:3 ?

Portals:
Hell: Depths:1 Depths:2 Depths:3 Depths:4
Abyss: Depths:3
Pandemonium: Depths:2 Depths:4
Trove: D:14 (give 4 scrolls of blinking)

Annotations:
Temple 4 transporters
Elf:2 2 transporters, Qizunt's ghost, adept SpIE
Vaults:3 Mennas


Innate Abilities, Weirdness & Mutations

You are an undying horror.
Your melee and unarmed attacks drain, slow and weaken victims.
You are immune to unholy pain and torment.
You cannot drink.
You are immune to poison.
You have razor-sharp teeth.
Your natural rate of healing is unusually fast.
When hurt, damage is shared between your health and your magic reserves.
Your bite disrupts and absorbs the magic of your enemies.
Potions cannot restore your health.
Your body sometimes deteriorates upon taking damage.


Message History

You fly upwards.
There is a stone staircase leading down here.
There is a stone staircase leading up here.
You fly upwards.
There is a stone staircase leading down here.
There is an escape hatch in the ceiling here.
There is a stone staircase leading up here.
You fly upwards.
There is a stone staircase leading down here.
A profane servitor comes into view. It is wielding a +2 whip.
You pulverise the profane servitor!!!
The profane servitor decays.
Your bite misses the profane servitor.
The profane servitor is moderately damaged.
You miss the profane servitor. You bite the profane servitor!!
You drain its power.
The profane servitor is heavily damaged.
The profane servitor misses you.
You block the profane servitor's attack.
You spin and attack the profane servitor repeatedly.
You hit the profane servitor but do no damage.
You bite the profane servitor!! You drain its power.
The profane servitor is severely damaged.
You pulverise the profane servitor!!!
The profane servitor decays.
Your bite misses the profane servitor.
The profane servitor is almost destroyed.
You block the profane servitor's attack. x2
You spin and attack the profane servitor.
You pound the profane servitor into fine dust!!!
You destroy the profane servitor!
The Council accepts your kill.
Unknown command.
There is a stone staircase leading up here.
You fly upwards.
There is a stone staircase leading down here.
There is an open door here.
You see here a +0 club.
You reach down and open the door.
There is an open door here.
There is a staircase leading out of the dungeon here.
You have escaped!

###.#..# ##'##..### #.#.##..#
....#..# #......'.####.#.#....
#####..# #......#......#.#....
#..# #......######.#...... #..#
######## #...##...
#..##################>..###'#
#####..##...............###.#...#
........#.8.8.#'#'#.8.8.# #.#.###
#####.###..8..#.z.#..8..# #.#...#
#...#.# #.8.8.#####.8.8.# #.###.#
#.#.#.# #...............# #.# #.#
#.#.#.#####...⌠...⌠...### #.# #.#
#†#.#.#...##....8....## #.# #.#
#.#.#.#.#.###.⌠...⌠.## #.# #.#
#.#.#...#.# ##.....## #.###'#
#.#.#...#.# ###)##########......
#.......#.# #.).................


There were no monsters in sight!

Vanquished Creatures
  Cerebov (Pan)
  Asmodeus (Geh:7)
  Ereshkigal (Tar:7)
  Gloorx Vloq (Pan)
  the Royal Jelly (Slime:5)
  Ignacio (Pan)
  Mnoleg (Pan)
  Lom Lobon (Pan)
  the Serpent of Hell (Tar:7)
  6 dread liches
  11 pandemonium lords
  Dispater (Dis:7)
  8 ancient liches
  Khufu (Tomb:3)
  2 orbs of fire (Zot:5)
  3 juggernauts
  Boris (twice) (Tomb:2 Depths:4)
  36 royal mummies
  11 shard shrikes
  Xtahua (Vaults:4)
  5 Killer Klowns
  Geryon (Hell)
  5 curse toes
  53 caustic shrikes
  3 golden dragons
  Norris (Elf:2)
  15 bone dragons
  30 iron giants
  Arachne (Spider:3)
  24 Tzitzimimeh
  12 doom hounds
  25 profane servitors
  15 Brimstone Fiends
  6 electric golems
  A spectral shard shrike (Tar:4)
  22 Ice Fiends
  A walking crystal tome (Depths:4)
  7 quicksilver dragons
  33 Hell Sentinels
  23 Orb Guardians
  11 hellephants
  A quicksilver dragon (shapeshifter) (Zig:10)
  15 liches
  25 tainted leviathans
  18 tentacled monstrosities
  Mlioglotl (Swamp:1)
  A walking earthen tome (Depths:2)
  27 Executioners
  26 searing wretches
  10 sphinxes
  2 deep elf blademasters
  Murray (Hell)
  27 titans
  A walking frostbound tome (Depths:2)
  3 deep elf master archers (Elf:3)
  32 acid blobs
  Gastronok (D:9)
  7 shadow dragons
  8 tentacled starspawn
  9 death cobs
  48 ancient champions
  The ghost of Wired the Severer, an adept MiFi of Okawaru (Spider:1)
  2 thorn hunters (Swamp:4)
  Kirke (Spider:4)
  2 tengu reavers
  15 demonspawn warmongers (Pan)
  9 draconian monks
  Donald (Swamp:1)
  20 azure jellies
  18 storm dragons
  2 fenstrider witches
  The ghost of cheburek the Warrior, an adept DsGl of Hepliaklqana (Spider:1)
  13 rockslimes
  16 quicksilver elementals
  6 revenants
  2 emperor scorpions (Spider:4)
  5 protean progenitors
  11 deep elf sorcerers
  6 draconian knights
  6 deep elf elementalists (Elf:3)
  A fire giant (shapeshifter) (Zig:10)
  30 balrugs
  16 fire giants
  A spectral juggernaut (Tar:2)
  3 iron dragons
  9 vault wardens
  11 frost giants
  11 narguns
  Louise (Swamp:2)
  A caustic shrike zombie (Tomb:3)
  25 cacodemons
  9 spectral caustic shrikes
  5 draconian scorchers
  3 curse skulls
  4 angels
  6 shard shrike simulacra
  8 ghouls
  22 ironbound preservers
  9 draconian shifters
  10 demonspawn corrupters (Pan)
  19 reapers
  8 ghost moths
  3 broodmothers (Spider:4)
  16 draconian annihilators
  7 draconian stormcallers
  A formless jellyfish (shapeshifter) (Zig:10)
  A juggernaut skeleton (Depths:1)
  7 formless jellyfish
  24 elemental wellsprings
  14 quicksilver oozes
  2 demonspawn blood saints (Pan)
  7 ironbound thunderhulks
  32 war gargoyles
  A caustic shrike skeleton (Abyss:2)
  2 eleionomae
  11 stone giants
  9 vampire knights
  9 green draconians
  7 black draconians
  10 very ugly things
  29 putrid mouths
  11 deep elf annihilators
  Nessos (Lair:4)
  6 demonspawn black suns (Pan)
  13 red draconians
  18 lorocyprocas (Pan)
  10 yellow draconians
  A dire elephant (Vaults:4)
  A minotaur (Lair:1)
  9 bunyips
  5 deep elf demonologists
  20 bennus
  15 white draconians
  6 spark wasps
  15 wendigos
  39 iron golems
  12 purple draconians
  The ghost of MrClown the Carver, a journeyman MiGl of Okawaru (Lair:1)
  18 green deaths
  20 mummy priests
  9 ettins
  19 blizzard demons
  A crystal guardian (Hell)
  8 eidola
  5 shambling mangroves
  12 deep elf death magi
  13 jiangshi
  5 fire dragons
  9 entropy weavers
  3 spectral spriggans
  Erolcha (Orc:2)
  2 rakshasas
  A spectral iron giant (Tar:4)
  8 great orbs of eyes
  9 salamander tyrants
  35 vault guards
  16 caustic shrike simulacra
  5 hell beasts
  13 yaktaur captains
  Fannar (D:12)
  A quicksilver dragon skeleton (Pan)
  6 ice dragons
  4 peacekeepers
  15 deep elf high priests
  2 ghost crabs
  27 hydras
  6 ogre magi
  4 spriggan skeletons
  3 spriggan air magi
  3 catoblepae
  2 jorogumos
  14 centaur warriors
  3 radroaches
  9 ironbound frosthearts
  7 alligators
  6 juggernaut simulacra
  A fenstrider witch skeleton (Pan)
  10 stokers
  Erica (D:8)
  11 two-headed ogres
  12 tengu warriors
  37 demonic crawlers
  68 death scarabs
  A quicksilver ooze zombie (Crypt:1)
  6 vampire magi
  13 boulder beetles
  28 dancing weapons
  5 death knights (Crypt:3)
  2 deep troll shamans
  6 occultists
  3 spriggan berserkers
  39 hell hogs
  A spectral storm dragon (Crypt:3)
  Urug (Orc:1)
  An orc high priest (Elf:3)
  4 deep troll earth magi
  5 shock serpents
  5 thrashing horrors
  66 sun demons
  A storm dragon zombie (Zig:4)
  34 hell knights
  10 deep elf knights (Elf:2)
  5 spectral nagas
  46 soul eaters
  4 titan skeletons
  A fire crab (D:13)
  6 iron trolls
  5 wretched stars
  3 goliath frogs
  Lodul (D:11)
  57 skeletal warriors
  18 crystal echidnas
  5 skysharks
  5 storm dragon skeletons
  16 shadow wraiths
  27 sixfirhies
  2 sea snakes (shapeshifter)
  5 glowing orange brains
  3 pharaoh ants
  A spectral anaconda (Tar:6)
  A golden dragon zombie (Depths:1)
  57 deep trolls
  A spark wasp zombie (D:15)
  A swamp dragon (shapeshifter) (Depths:1)
  2 orange crystal statues
  53 large abominations
  A sun moth (Spider:1)
  16 bog bodies
  15 shadow demons
  8 flayed ghosts
  A spectral iron dragon (Tar:6)
  11 quicksilver dragon simulacra
  7 spriggan druids
  15 swamp dragons
  3 anaconda skeletons
  22 phantasmal warriors
  13 ironbound convokers
  6 arcanists
  9 orb spiders
  A spectral hydra (Tar:4)
  8 deep elf archers
  11 lindwurms
  A tengu zombie (Zig:9)
  Pikel (D:8)
  6 steelbarb worms
  A mana viper (shapeshifter) (Elf:3)
  19 deep elf pyromancers
  5 orc knights
  20 deep elf zephyrmancers
  17 necromancers
  A shadow dragon skeleton (Depths:3)
  16 wolf spiders
  12 harpies
  8 spriggan simulacra
  27 ugly things
  8 shining eyes
  A jorogumo zombie (Crypt:1)
  An oklob plant (Lair:3)
  2 worldbinders
  A salamander (Depths:2)
  Maurice (D:8)
  7 cyclopes
  A faun (shapeshifter) (Vaults:5)
  2 human zombies (Vaults:3)
  3 will-o-the-wisps
  20 moths of wrath
  An orc sorcerer (Orc:2)
  A salamander (shapeshifter) (D:13)
  2 spectral ettins
  A kobold blastminer (Orc:1)
  An iron dragon skeleton (Zig:9)
  3 manticores
  4 black mambas
  An elephant (shapeshifter) (Depths:4)
  2 fire giant skeletons
  An eye of devastation (shapeshifter) (Vaults:5)
  10 elephants
  8 titan simulacra
  15 vault sentinels
  2 dire elephant zombies
  2 ice statues (IceCv)
  A cane toad (shapeshifter) (D:15)
  6 rust devils
  14 cane toads
  82 smoke demons
  5 torpor snails
  30 orange demons
  An elf skeleton (Vaults:2)
  17 molten gargoyles
  4 eyes of devastation
  3 stone giant skeletons
  3 gargoyles
  A centaur skeleton (Pan)
  2 unseen horrors
  28 hellions
  9 spectral swamp worms (Tar:7)
  29 yaktaurs
  9 rime drakes
  2 naga skeletons
  5 efreet (Pan)
  7 freezing wraiths
  Maggie (D:8)
  7 komodo dragons
  A minotaur skeleton (Pan)
  An unseen horror (shapeshifter) (D:13)
  44 tormentors
  3 bunyip simulacra
  4 human skeletons
  3 iron giant simulacra
  An unseen horror skeleton (Crypt:1)
  6 ice devils
  3 golden dragon simulacra
  2 anaconda simulacra
  56 guardian mummies
  14 trolls
  3 tengu conjurers
  A spectral two-headed ogre (Tar:1)
  2 meliai (shapeshifter) (Vaults:5)
  3 ancient zymes
  2 silent spectres
  2 spectral harpies
  A troll (shapeshifter) (Vaults:5)
  8 tyrant leeches
  A bloated husk (Swamp:3)
  A shadow dragon simulacrum (Coc:1)
  6 polar bears
  27 hellwings (Pan)
  16 meliai
  9 red devils
  19 tarantellas
  A polar bear (shapeshifter) (Elf:3)
  A hydra skeleton (Tomb:2)
  A hornet (shapeshifter) (Elf:1)
  27 blink frogs
  29 hornets
  2 harpy skeletons
  4 raiju (shapeshifter)
  10 raiju
  3 human simulacra
  3 glass eyes
  A fire dragon zombie (Crypt:1)
  A culicivora zombie (Crypt:2)
  2 centaur simulacra
  An iron dragon simulacrum (Coc:1)
  3 spriggan zombies
  3 stone giant simulacra
  An ettin zombie (Abyss:2)
  26 jumping spiders
  A dream sheep (Lair:5)
  A fire dragon skeleton (Crypt:1)
  110 slime creatures
  A spectral black mamba (Tar:1)
  A deep troll skeleton (Vaults:2)
  4 shadows
  Sigmund (D:2)
  The ghost of ILmort the Firebug, an amateur GrFE (D:5)
  29 culicivoras
  82 flying skulls
  40 ynoxinuls
  10 water elementals
  5 air elementals
  7 dire elephant simulacra
  8 wraiths
  A hog (shapeshifter) (Elf:2)
  33 spriggans
  Eustachio (D:6)
  2 yaks (shapeshifter)
  7 wyverns
  2 steam dragons
  54 starcursed masses
  41 yaks
  15 vampire mosquitoes
  9 golden eyes (Slime:4)
  5 basilisks
  18 ushabtiu
  5 fire elementals
  64 redbacks
  2 alligator snapping turtle simulacra
  24 chaos spawn
  45 neqoxecs
  3 naga zombies
  13 small abominations
  A redback (shapeshifter) (Abyss:4)
  2 wargs (Orc:2)
  14 swamp worms
  A naga (shapeshifter) (D:15)
  Edmund (D:6)
  8 acid dragons
  16 harpy simulacra
  4 hydra simulacra
  12 swamp drakes
  Duvessa (D:5)
  17 water moccasins
  5 hell hounds (D:15)
  6 sky beasts
  4 glowing shapeshifter skeletons
  18 orc warriors
  3 ettin simulacra
  3 ice beasts
  3 black bears
  A blink frog zombie (Crypt:1)
  28 ogres
  40 wolves
  9 boggarts
  A dream sheep skeleton (Crypt:2)
  6 centaurs
  3 lemures (D:8)
  3 kobold brigands
  A vine stalker zombie (Crypt:2)
  4 brain worms
  6 earth elementals
  10 bullfrogs
  9 scorpions
  8 necrophages
  3 naga simulacra
  12 wights
  A water moccasin skeleton (Crypt:1)
  Dowan (D:5)
  6 killer bees (D:10)
  A swamp dragon simulacrum (Coc:1)
  5 electric eels
  2 lindwurm simulacra (IceCv)
  4 howler monkeys
  5 komodo dragon simulacra (IceCv)
  5 hounds
  An iron imp (Pan)
  15 orc priests
  3 jellies
  2 sleepcaps (D:7)
  8 iguanas
  Natasha (thrice) (D:2)
  26 orc wizards
  6 hell rats (Lair:5)
  A sky beast zombie (Crypt:2)
  2 tengu skeletons
  An ogre skeleton (Crypt:1)
  58 mummies
  4 gnolls
  10 acid dragon simulacra (IceCv)
  11 adders
  3 river rats (Sewer)
  2 shadow imps (D:6)
  6 white imps
  6 ufetubi
  4 steam dragon simulacra (IceCv)
  An adder zombie (Crypt:2)
  2 worms (D:3)
  3 dart slugs
  67 orcs
  2 bats (D:1)
  9 endoplasms
  4 giant cockroaches
  11 goblins
  7 hobgoblins
  5 jackals
  4 quokkas
  11 ball pythons
  2 frilled lizards (D:1)
  A frilled lizard skeleton (Crypt:1)
  20 kobolds
  29 rats
  3 aspiring fleshes (Zot:4)
  9 creeping infernos
  12 fire vortices
  A lurking horror (Abyss:3)
  17 starspawn tentacles
4729 creatures vanquished.

Vanquished Creatures (collateral kills)
  Antaeus (Coc:7)
  A profane servitor (Crypt:3)
  An emperor scorpion (Spider:4)
  2 balrugs (Pan)
  A wendigo (Coc:7)
  A spark wasp (Spider:4)
  An alligator (Swamp:1)
  A sun moth (Spider:4)
  A flayed ghost (Crypt:3)
  A titan simulacrum (Coc:7)
  A hornet (Spider:4)
  A tarantella (Spider:3)
  2 culicivoras (Spider:3)
  A spriggan (Lair:5)
  3 redbacks
  An orc (Orc:1)
20 creatures vanquished.

Vanquished Creatures (others)
  A royal mummy (Tomb:3)
  A doom hound (Hell)
  An eldritch tentacle (Pan)
  A draconian knight (Zot:1)
  A spark wasp (Spider:4)
  A caustic shrike simulacrum (Coc:4)
  2 quicksilver dragon simulacra
  A freezing wraith (Coc:2)
  An anaconda simulacrum (Coc:7)
  A tormentor (Coc:2)
  A hornet (Spider:4)
  A bloated husk (Swamp:1)
  4 humans (Spider:4)
  A chaos spawn (Abyss:2)
  A harpy simulacrum (Coc:2)
  16 foxfires
  9 starspawn tentacles
44 creatures vanquished.

Grand Total: 4793 creatures vanquished

Notes
Turn   | Place    | Note
-------+----------+-------------------------------------------
     0 | D:1      | Gonzollydolly the Vine Stalker Warper began the quest for
                  | the Orb.
     0 | D:1      | Reached XP level 1. HP: 11/11 MP: 4/4
   194 | D:1      | Reached skill level 1 in Stealth
   194 | D:1      | Reached XP level 2. HP: 14/15 MP: 4/6
   702 | D:1      | Reached XP level 3. HP: 18/18 MP: 7/7
   967 | D:2      | Noticed Sigmund
   980 | D:2      | Noticed Natasha
   980 | D:2      | Found a faded altar of an unknown god.
  1388 | D:3      | Reached XP level 4. HP: 23/23 MP: 8/8
  1518 | D:2      | Found a stormy altar of Qazlal.
  1572 | D:4      | Found a sparkling altar of Nemelex Xobeh.
  1677 | D:4      | Found a staircase to the Ecumenical Temple.
  1700 | Temple   | Found a transporter.
  1700 | Temple   | Found a transporter.
  1700 | Temple   | Found a transporter.
  1700 | Temple   | Found a transporter.
  1700 | Temple   | Entered the Ecumenical Temple
  1718 | Temple   | Became a worshipper of the Wu Jian Council
  1838 | D:4      | Reached XP level 5. HP: 24/26 MP: 9/9
  1966 | D:4      | Found a glowing drain.
  1970 | Sewer    | Entered a sewer
  2035 | Sewer    | Reached * piety under Wu Jian
  2038 | Sewer    | Reached skill level 5 in Unarmed Combat
  2124 | Sewer    | Reached XP level 6. HP: 30/30 MP: 8/10
  2376 | Sewer    | Reached ** piety under Wu Jian
  2725 | D:4      | Found a shimmering blue altar of Sif Muna.
  2990 | D:5      | Entered Level 5 of the Dungeon
  3000 | D:5      | Found a runed translucent door.
  3012 | D:5      | Noticed ILmort's ghost (amateur GrFE)
  3050 | D:5      | Reached XP level 7. HP: 34/34 MP: 11/11
  3265 | D:5      | Noticed Dowan
  3556 | D:5      | Noticed Duvessa
  3843 | D:6      | Found a shadowy altar of Dithmenos.
  3864 | D:6      | Noticed Edmund
  3876 | D:6      | Killed Edmund
  4020 | D:6      | Gained mutation: You have razor-sharp teeth. [Vine Stalker
                  | growth]
  4020 | D:6      | Reached XP level 8. HP: 35/38 MP: 10/12
  4173 | D:6      | Learned a level 2 spell: Blink
  4342 | D:6      | Noticed Eustachio
  4358 | D:6      | Killed Eustachio
  4561 | D:7      | Reached skill level 10 in Unarmed Combat
  4583 | D:7      | Reached *** piety under Wu Jian
  4588 | D:7      | Reached XP level 9. HP: 15/42 MP: 4/13
  4799 | D:7      | Reached skill level 5 in Translocations
  5023 | D:7      | Noticed a deep elf pyromancer
  5027 | D:7      | Noticed a seven-headed hydra
  5815 | D:5      | Killed Dowan
  5823 | D:5      | Killed Duvessa
  5995 | D:2      | Killed Natasha
  5995 | D:2      | Reached **** piety under Wu Jian
  6010 | D:2      | Noticed Natasha
  6013 | D:2      | Killed Natasha
  6013 | D:2      | Noticed Natasha
  6023 | D:2      | Killed Natasha
  6071 | D:2      | Killed Sigmund
  6493 | D:8      | Noticed Erica
  6496 | D:8      | Killed Erica
  6496 | D:8      | Reached XP level 10. HP: 44/49 MP: 17/17
  6560 | D:8      | Noticed Maurice
  6586 | D:8      | Killed Maurice
  6630 | D:8      | Noticed a two-headed ogre
  6636 | D:8      | Killed a two-headed ogre
  6783 | D:8      | Noticed Maggie
  6786 | D:8      | Killed Maggie
  6786 | D:8      | Reached skill level 5 in Fighting
  6921 | D:8      | Killed an unseen horror
  6965 | D:8      | Noticed a cyclops
  6975 | D:8      | Killed a cyclops
  7084 | D:8      | Noticed Pikel
  7091 | D:8      | Killed Pikel
  7092 | D:8      | Reached skill level 5 in Dodging
  7092 | D:8      | Reached skill level 1 in Evocations
  7092 | D:8      | Reached XP level 11. HP: 52/56 MP: 14/18
  7369 | D:8      | Learned a level 2 spell: Lesser Beckoning
  7580 | D:9      | Found a staircase to the Orcish Mines.
  7916 | D:9      | You fall into a shaft and drop 2 floors!
  7967 | D:11     | Reached ***** piety under Wu Jian
  8078 | D:11     | Reached skill level 5 in Stealth
  8078 | D:11     | Reached skill level 5 in Evocations
  8110 | D:10     | Entered Level 10 of the Dungeon
  8110 | D:10     | Found Cuewkiel's Jewellery Shop.
  8195 | D:9      | Identified the +1 short sword "Xomewusk" {speed, rPois
                  | rN+++ Will- Str+2}
  8252 | D:9      | Noticed Gastronok
  8585 | D:10     | Reached skill level 1 in Armour
  8600 | D:10     | Noticed a two-headed ogre
  8611 | D:10     | Killed a two-headed ogre
  8630 | D:10     | Found Haaheukh's Armour Boutique.
  8640 | D:10     | Found Odoblip's Assorted Antiques.
  8810 | D:10     | Bought a +0 pair of boots for 63 gold pieces
  8862 | D:10     | Reached XP level 12. HP: 46/61 MP: 14/19
  9113 | D:10     | Found a hazy altar of Hepliaklqana.
  9113 | D:10     | Found a hide-covered altar of Uskayaw.
  9140 | D:10     | Found a staircase to the Lair.
  9649 | D:11     | Noticed Lodul
  9673 | D:11     | Killed Lodul
 10272 | D:7      | Killed a seven-headed hydra
 10272 | D:7      | Reached skill level 5 in Armour
 10353 | D:7      | Noticed a four-headed hydra
 10355 | D:7      | Killed a four-headed hydra
 10546 | Lair:1   | Entered Level 1 of the Lair of Beasts
 10570 | Lair:1   | Noticed a minotaur
 10591 | Lair:1   | Noticed MrClown's ghost (journeyman MiGl)
 10620 | Lair:1   | Found a runed translucent gate.
 10620 | Lair:1   | Found a runed translucent gate.
 10620 | Lair:1   | Found a runed translucent gate.
 11676 | Lair:2   | Reached XP level 13. HP: 56/68 MP: 16/20
 11721 | Lair:2   | Found a radiant altar of Vehumet.
 11851 | Lair:2   | Found a staircase to the Swamp.
 12693 | Lair:3   | You fall into a shaft and drop 1 floor!
 12696 | Lair:4   | Identified the +1 shortbow of the Wonderful God {elec, rC+
                  | Dex+4}
 13126 | Lair:3   | Found a hole to the Spider Nest.
 13185 | Lair:3   | Found a blossoming altar of Fedhas.
 13426 | Lair:3   | Got Ruogej's Information on Blasting and the Birds
 13620 | Lair:3   | Reached skill level 5 in Spellcasting
 14014 | Lair:4   | Found a runed translucent door.
 14192 | Lair:4   | Reached XP level 14. HP: 74/75 MP: 21/23
 14293 | Lair:4   | Noticed Nessos
 14306 | Lair:4   | Killed Nessos
 14619 | Lair:4   | Found a viscous altar of Jiyva.
 14619 | Lair:4   | Found a staircase to the Slime Pits.
 14838 | Lair:5   | Entered Level 5 of the Lair of Beasts
 15121 | Lair:5   | Reached ****** piety under Wu Jian
 15844 | Lair:5   | Reached skill level 1 in Shields
 16331 | Lair:5   | Learned a level 4 spell: Manifold Assault
 16783 | D:12     | Noticed Fannar
 16813 | D:12     | Killed Fannar
 16882 | D:12     | Found Utaotiru's Magic Scroll Boutique.
 16891 | D:12     | Bought a scroll of fog for 72 gold pieces
 16891 | D:12     | Bought a scroll of identify for 36 gold pieces
 16891 | D:12     | Bought a scroll of fog for 72 gold pieces
 16891 | D:12     | Identified a scroll of acquirement
 16892 | D:12     | Acquired a manual of Translocations
 16974 | D:12     | Reached XP level 15. HP: 59/79 MP: 22/28
 16984 | D:12     | Found a frozen archway.
 17036 | IceCv    | Entered an ice cave
 17519 | IceCv    | Reached skill level 5 in Shields
 17602 | IceCv    | Identified the ring "Fadeuheb" {Contam rElec Will+ SInv}
 18173 | Orc:1    | Entered Level 1 of the Orcish Mines
 18388 | Orc:1    | Noticed Urug
 18394 | Orc:1    | Killed Urug
 18490 | Orc:2    | Entered Level 2 of the Orcish Mines
 18494 | Orc:2    | Noticed Erolcha
 18503 | Orc:2    | Killed Erolcha
 18681 | Orc:2    | Reached skill level 10 in Translocations
 18693 | Orc:2    | Reached skill level 10 in Fighting
 18720 | Orc:2    | Reached skill level 10 in Dodging
 18732 | Orc:2    | Found Qomp's General Store.
 18738 | Orc:2    | Found Zohav's Armour Emporium.
 18739 | Orc:2    | Found Loud's Book Shop.
 18742 | Orc:2    | Found Wukafeq's Jewellery Boutique.
 18911 | Orc:2    | Bought a wand of digging (2) for 126 gold pieces
 18911 | Orc:2    | Bought a scroll of identify for 30 gold pieces
 19396 | Orc:2    | Found a staircase to the Elven Halls.
 19683 | Orc:2    | Bought the ring "Waabrur" {rElec rC+ Str+4 Int+3 Dex+6} for
                  | 1075 gold pieces
 19691 | Orc:2    | Bought a +2 cloak of stealth for 258 gold pieces
 19701 | Orc:2    | Bought a +0 pair of boots of flying for 138 gold pieces
 19905 | D:13     | Got the Spellbook of Pessimism
 19930 | D:13     | Found Momaotyse's Distillery.
 19934 | D:13     | Bought 2 potions of might for 112 gold pieces
 20048 | D:13     | Reached skill level 15 in Unarmed Combat
 20154 | D:13     | Identified the +8 short sword of the End {freeze, rPois
                  | rC++}
 20285 | D:13     | Found a gate to the Vaults.
 20294 | D:13     | Got the Almanac of Immolation and Malediction
 20487 | D:13     | Reached XP level 16. HP: 84/85 MP: 29/29
 20616 | D:13     | Found the +1 robe of Vines {NoPotionHeal Regen++++}
 20830 | D:14     | Found a shimmering altar of Xom.
 20840 | D:14     | Found a shimmering altar of Xom.
 20842 | D:14     | Found a shimmering altar of Xom.
 20842 | D:14     | Found a shimmering altar of Xom.
 20862 | D:14     | HP: 3/85 [meliai/divine providence (5)]
 21056 | D:14     | Found a portal to a secret trove of treasure.
 21155 | D:14     | Found a shimmering altar of Xom.
 21162 | D:14     | Found a shimmering altar of Xom.
 21170 | D:14     | Found a shimmering altar of Xom.
 21795 | D:15     | Entered Level 15 of the Dungeon
 21879 | D:15     | Found a staircase to the Depths.
 22505 | D:15     | Found a sacrificial altar of Ru.
 22891 | D:5      | Killed ILmort's ghost
 23101 | Lair:1   | Killed MrClown's ghost
 23272 | Swamp:1  | Entered Level 1 of the Swamp
 23462 | Swamp:1  | Noticed a fenstrider witch
 23472 | Swamp:1  | Killed a fenstrider witch
 23507 | Swamp:1  | Learned a level 4 spell: Vhi's Electric Charge
 23518 | Swamp:1  | Learned a level 6 spell: Dispersal
 23572 | Swamp:1  | Noticed Mlioglotl
 23573 | Swamp:1  | Identified the +3 kite shield of the Seven Lovers {rN+}
 23573 | Swamp:1  | Noticed Donald
 23585 | Swamp:1  | Killed Mlioglotl
 23594 | Swamp:1  | Killed Donald
 23663 | Swamp:1  | You are sucked into a shaft and drop 1 floor!
 23670 | Swamp:2  | Reached XP level 17. HP: 88/91 MP: 31/31
 23671 | Swamp:2  | Reached skill level 10 in Spellcasting
 24370 | Swamp:2  | Reached skill level 1 in Air Magic
 24545 | Swamp:2  | Noticed Louise
 24566 | Swamp:2  | Killed Louise
 24798 | Swamp:2  | Upgraded the game from 0.31-a0-1172-g9944ec47dd to
                  | 0.31-a0-1178-gc5c9b8f871
 25143 | Orc:2    | Bought a book of Minor Magic for 324 gold pieces
 25147 | Orc:2    | Learned a level 3 spell: Mephitic Cloud
 25524 | Swamp:3  | Reached skill level 1 in Conjurations
 25524 | Swamp:3  | Reached skill level 1 in Poison Magic
 25655 | Swamp:3  | Noticed a tentacled monstrosity
 25670 | Swamp:3  | Killed a tentacled monstrosity
 25716 | Swamp:3  | Identified the amulet of Qooclank {RegenMP Harm Int+2}
 26392 | Orc:2    | Bought a book of Changes for 324 gold pieces
 26395 | Orc:2    | Learned a level 2 spell: Wereblood
 26399 | Orc:2    | Learned a level 3 spell: Ignite Poison
 26962 | Spider:1 | Entered Level 1 of the Spider Nest
 26974 | Spider:1 | Noticed cheburek's ghost (adept DsGl)
 26984 | Spider:1 | Noticed Wired's ghost (adept MiFi)
 27049 | Spider:1 | Reached skill level 1 in Transmutations
 27147 | Spider:1 | Reached skill level 5 in Air Magic
 27555 | Spider:1 | Found a transporter.
 27569 | Spider:1 | Found a transporter.
 28536 | Spider:2 | Reached XP level 18. HP: 93/98 MP: 34/34
 28988 | Spider:2 | Identified the +1 glaive of the Heavens {speed, Str+5
                  | Dex+3}
 29323 | Spider:3 | Reached skill level 5 in Transmutations
 29353 | Spider:3 | Found a transporter.
 29353 | Spider:3 | Found a transporter.
 29364 | Spider:3 | Noticed Arachne
 29586 | Spider:3 | Killed Arachne
 30450 | Orc:2    | Bought an amulet of magic regeneration for 450 gold pieces
 30660 | Swamp:4  | Entered Level 4 of the Swamp
 32423 | Swamp:4  | Got a decaying rune of Zot
 32857 | Vaults:1 | Entered Level 1 of the Vaults
 33367 | Vaults:1 | Reached XP level 19. HP: 79/105 MP: 36/36
 33891 | Vaults:1 | Found Bown's Weapon Shop.
 34831 | Vaults:2 | Reached skill level 15 in Fighting
 35328 | Vaults:2 | Identified the +0 great mace of the Valley of Death
                  | {freeze, rF+ rN+}
 35570 | Vaults:2 | Reached skill level 10 in Armour
 35629 | Vaults:2 | Found a staircase to the Crypt.
 35692 | Vaults:3 | Noticed Mennas
 35770 | Vaults:3 | Reached XP level 20. HP: 105/114 MP: 35/37
 36033 | Vaults:3 | You are sucked into a shaft and drop 1 floor!
 37692 | Vaults:4 | Learned a level 1 spell: Apportation
 37758 | Vaults:4 | Found a gateway to a bazaar.
 37971 | Vaults:4 | Found the +9 sword of Power {lifebolt}
 38167 | Vaults:4 | Noticed Xtahua
 38170 | Vaults:4 | Killed Xtahua
 38444 | Bazaar   | Entered a bazaar
 38444 | Bazaar   | Found Xoteusk's Distillery.
 38444 | Bazaar   | Found Seaxtakh's Armour Shoppe.
 38465 | Bazaar   | Found Egaat's Magic Scroll Boutique.
 38476 | Bazaar   | Found Raivid's Assorted Antiques.
 38484 | Bazaar   | Found Summ's Antique Armour Emporium.
 38500 | Bazaar   | Bought a lightning rod (4/4) for 920 gold pieces
 38514 | Bazaar   | Bought a +0 cloak of willpower for 184 gold pieces
 38523 | Bazaar   | Bought a scroll of fog for 56 gold pieces
 38541 | Bazaar   | Bought a potion of magic for 136 gold pieces
 38541 | Bazaar   | Bought a potion of resistance for 170 gold pieces
 38844 | Elf:1    | Entered Level 1 of the Elven Halls
 38848 | Elf:1    | Paralysed by an air elemental for 1 turns
 38936 | Elf:1    | Found the +8 autumn katana {manifold assault}
 39028 | Elf:1    | Found Fusoike's Weapon Shoppe.
 39348 | Elf:1    | Found Duof's Antique Weapon Emporium.
 39358 | Elf:1    | Found Anun Ton's Assorted Antiques.
 39468 | Elf:1    | Reached XP level 21. HP: 121/121 MP: 27/38
 39473 | Elf:1    | Got Evuruim's Almanac of Changes
 39782 | Elf:2    | Found a transporter.
 39787 | Elf:2    | Found a transporter.
 39787 | Elf:2    | Found a bloodstained altar of Trog.
 39796 | Elf:2    | Noticed Qizunt's ghost (adept SpIE)
 39813 | Elf:1    | Found a radiant altar of Vehumet.
 40024 | Elf:2    | Reached skill level 10 in Evocations
 40222 | Elf:2    | Found a runed translucent gate.
 40222 | Elf:2    | Found a runed translucent gate.
 40222 | Elf:2    | Found a runed translucent gate.
 40306 | Elf:3    | Entered Level 3 of the Elven Halls
 40342 | Elf:3    | Found Rupni's Weapon Emporium.
 41610 | Elf:3    | Paralysed by an air elemental for 1 turns
 42164 | Elf:3    | Paralysed by an air elemental for 1 turns
 42519 | Elf:3    | Identified the +1 flail "Ubrin" {flame, rN+}
 42729 | Elf:3    | Identified the +1 ring mail of Midsummer {Dex+2}
 42971 | Elf:3    | Reached skill level 10 in Stealth
 43422 | Elf:3    | Found the ring of the Tortoise {AC+8}
 43425 | Elf:3    | Identified the +3 bardiche of the Shallot {pain, rElec}
 43443 | Elf:3    | Identified the +6 short sword "Orb Guardian's Foe" {drain,
                  | +Blink Stlth+}
 43460 | Elf:3    | Identified the +5 ring mail of Unambiguity {+Blink rPois}
 44081 | Spider:4 | Entered Level 4 of the Spider Nest
 44164 | Spider:3 | Learned a level 2 spell: Poisonous Vapours
 44650 | Spider:4 | Reached XP level 22. HP: 108/128 MP: 39/39
 44665 | Spider:4 | Noticed Kirke
 44672 | Spider:4 | Killed Kirke
 45198 | Spider:4 | Got a gossamer rune of Zot
 45567 | Crypt:1  | Entered Level 1 of the Crypt
 45841 | Crypt:1  | Reached skill level 10 in Shields
 45958 | Crypt:1  | Identified the +1 war axe "Giantslayer" {heavy, SInv}
 48657 | Crypt:3  | Entered Level 3 of the Crypt
 49120 | Crypt:3  | Found a basalt altar of Yredelemnul.
 49260 | Crypt:3  | Reached XP level 23. HP: 126/130 MP: 37/41
 49440 | Crypt:3  | Identified the ring "Dirir" {*Corrode Fly rPois rN+ Str+5}
 49676 | Crypt:3  | Identified the +1 robe "Huul" {rCorr Stlth+}
 49929 | Crypt:3  | Found a staircase to the Tomb.
 49929 | Crypt:3  | Noticed a dread lich
 49944 | Crypt:3  | Killed a dread lich
 50288 | Crypt:3  | Upgraded the game from 0.31-a0-1178-gc5c9b8f871 to
                  | 0.31-a0-1202-ga8fea8b373
 50646 | D:9      | Killed Gastronok
 50914 | Spider:1 | Killed Wired's ghost
 50929 | Spider:1 | Killed cheburek's ghost
 51298 | Depths:1 | Entered Level 1 of the Depths
 51413 | Depths:1 | Found a flickering gateway to a bazaar.
 51427 | Bazaar   | Entered a bazaar
 51473 | Bazaar   | Found Vauhia Wemil's Magic Scroll Boutique.
 51510 | Bazaar   | Found Viedehef's Book Shoppe.
 51540 | Bazaar   | Found Piteet's Jewellery Shoppe.
 51587 | Bazaar   | Found Saywow's Jewellery Shoppe.
 51772 | Bazaar   | Bought the ring of Joentop {rF+ rC+ AC+4 Str+3 Stlth+} for
                  | 1123 gold pieces
 51822 | Bazaar   | Bought Great Wizards, Vol. VII for 420 gold pieces
 51827 | Bazaar   | Learned a level 4 spell: Passage of Golubria
 51857 | Bazaar   | Bought a maw talisman for 240 gold pieces
 52383 | Depths:1 | Identified the +1 helmet of Crawling {rF+ rCorr Int-3
                  | Stlth+}
 52555 | Depths:1 | Found a gateway to Hell.
 53094 | Depths:2 | Found a one-way gate leading to the halls of Pandemonium.
 53521 | Depths:2 | Reached XP level 24. HP: 137/137 MP: 41/41
 53561 | Depths:2 | Reached skill level 15 in Dodging
 53630 | Depths:2 | Noticed a caustic shrike
 53641 | Depths:2 | Reached skill level 15 in Shields
 53647 | Depths:2 | Killed a caustic shrike
 53749 | Depths:2 | Got the Collected Works on the Charred Iceberg
 54221 | Depths:3 | Found a one-way gate to the infinite horrors of the Abyss.
 54342 | Depths:3 | Found a one-way gateway to a ziggurat.
 54345 | Depths:3 | Found Ofenk's Magic Scroll Boutique.
 54354 | Depths:3 | Bought a scroll of enchant armour for 97 gold pieces
 54476 | Depths:3 | Reached skill level 15 in Translocations
 54892 | Depths:3 | Found an opulent altar of Gozag.
 55077 | Depths:4 | Entered Level 4 of the Depths
 55092 | Depths:4 | Noticed a juggernaut
 55102 | Depths:4 | Noticed a caustic shrike
 55111 | Depths:4 | Killed a juggernaut
 55112 | Depths:4 | Killed a caustic shrike
 55333 | Depths:4 | Noticed a caustic shrike
 55334 | Depths:4 | Noticed a caustic shrike
 55334 | Depths:4 | Noticed a caustic shrike
 55342 | Depths:4 | Killed a caustic shrike
 55343 | Depths:4 | Noticed a caustic shrike
 55343 | Depths:4 | Noticed a caustic shrike
 55343 | Depths:4 | Noticed a caustic shrike
 55344 | Depths:4 | Noticed a caustic shrike
 55346 | Depths:4 | Killed a caustic shrike
 55351 | Depths:4 | Killed a caustic shrike
 55354 | Depths:4 | Killed a caustic shrike
 55361 | Depths:4 | Killed a caustic shrike
 55363 | Depths:4 | Killed a caustic shrike
 55366 | Depths:4 | Killed a caustic shrike
 55700 | Depths:4 | Found a gate to the Realm of Zot.
 55946 | Depths:3 | Acquired 650 gold pieces
 56251 | Depths:4 | Reached XP level 25. HP: 128/139 MP: 37/41
 56685 | D:10     | Bought a scroll of acquirement for 1352 gold pieces
 56685 | D:10     | Acquired the ring "Ruphiceo" {Fire rElec Str+2 Int+3}
 56688 | D:10     | Bought a scroll of blinking for 195 gold pieces
 56688 | D:10     | Bought a potion of haste for 260 gold pieces
 56690 | D:10     | Upgraded the game from 0.31-a0-1202-ga8fea8b373 to
                  | 0.31-a0-1206-g41278d8d1d
 56959 | Elf:2    | Noticed Norris
 56983 | Elf:2    | Killed Norris
 57252 | Elf:2    | Learned a level 4 spell: Iskenderun's Mystic Blast
 57742 | Vaults:5 | Entered Level 5 of the Vaults
 57790 | Vaults:5 | Noticed an ancient lich
 57794 | Vaults:5 | Killed an ancient lich
 57795 | Vaults:5 | Reached skill level 1 in Shapeshifting
 57846 | Vaults:5 | Noticed a dread lich
 57861 | Vaults:5 | Killed a dread lich
 58042 | Vaults:5 | Identified the +7 orcbow of the Kissing Moth {flame, rCorr
                  | Int+7}
 58042 | Vaults:5 | Identified the amulet "Wosyt" {Reflect SH+5 Stlth+}
 58142 | Vaults:5 | Identified the +5 short sword "Teaddoh" {heavy, rC+ Int+5}
 58186 | Vaults:5 | Identified the +1 helmet of the Guild-Master {Will+ Str+4
                  | Int-3}
 58442 | Vaults:5 | Reached skill level 5 in Shapeshifting
 58748 | Vaults:5 | Identified the +8 chain mail of Dim Light {rElec rCorr
                  | Int-3 Stlth+}
 58760 | Vaults:5 | Identified the +2 flail "Fepraod" {spect, rPois rF+ rN+
                  | Int+2}
 58762 | Vaults:5 | Got Sif Muna's Papyrus of Enchantment and Alteration
 59230 | Vaults:5 | Got a silver rune of Zot
 59283 | Vaults:5 | Identified the +6 spear of Division {heavy, Stlth+}
 59988 | Zot:1    | Entered Level 1 of the Realm of Zot
 60009 | Zot:1    | Reached XP level 26. HP: 142/152 MP: 38/41
 60719 | Zot:1    | Reached skill level 10 in Shapeshifting
 61721 | Zot:2    | Found a viscous altar of Jiyva.
 61815 | Zot:2    | Identified the +1 pair of boots "Vylucur" {Str+7}
 62036 | Zot:2    | Noticed an ancient lich
 62038 | Zot:2    | Noticed an ancient lich
 62041 | Zot:2    | Killed an ancient lich
 62062 | Zot:2    | Killed an ancient lich
 62370 | Zot:2    | Identified the +1 rapier of Affus {flame, rElec Will+ Int+3
                  | Stlth+}
 62613 | Zot:3    | Upgraded the game from 0.31-a0-1206-g41278d8d1d to
                  | 0.31-a0-1225-g50297eb6a4
 63022 | Zot:3    | Reached XP level 27. HP: 155/156 MP: 41/41
 63460 | Zot:4    | Reached skill level 15 in Shapeshifting
 63503 | Zot:4    | Found a sacrificial altar of Ru.
 63616 | Zot:4    | Identified the +7 morningstar of Onof {speed, *Slow Will+
                  | Stlth+}
 65157 | Slime:1  | Entered Level 1 of the Pits of Slime
 65948 | Slime:2  | Gained mutation: You are dopey. (Int -2) [a shining eye]
 68417 | Slime:5  | Entered Level 5 of the Pits of Slime
 68635 | Slime:5  | Noticed the Royal Jelly
 68640 | Slime:5  | Killed the Royal Jelly
 68912 | Slime:5  | Identified the +8 plate armour "Jiaf" {rElec rN++}
 68935 | Slime:5  | Identified the +1 leather armour of the Gardener {Harm
                  | rCorr Int+4 Dex-3}
 68957 | Slime:5  | Identified the +6 orcbow of Wyrd {drain, *Corrode rN+ Str+3
                  | Dex+3}
 68992 | Slime:5  | Identified the ring "Jecvoac" {rN+ rCorr}
 68994 | Slime:5  | Identified the staff "Fios" {^Contam rF+ Dex+3 Stlth+ Fire}
 68997 | Slime:5  | Got a slimy rune of Zot
 69042 | Slime:5  | Identified the +7 ring mail "Saaw" {rPois Will- SInv}
 69051 | Slime:5  | Identified the +7 falchion of Dominance {heavy, Str+4}
 69056 | Slime:5  | Identified the ring of Ezitwo {Str+6 Dex+6 Slay-2}
 69073 | Slime:5  | Identified the +4 chain mail of the Trees {*Corrode +Inv
                  | rC++}
 69097 | Slime:5  | Identified the +5 flail "Paiqec" {freeze, Str+3 Int+3}
 69879 | Hell     | Entered the Vestibule of Hell
 69879 | Hell     | Noticed Geryon
 69885 | Hell     | Killed Geryon
 69895 | Hell     | Noticed Murray
 69923 | Hell     | Killed Murray
 69931 | Hell     | Paralysed by a wendigo for 1 turns
 70014 | Hell     | Found a gateway to the Iron City of Dis.
 70074 | Hell     | Found a gateway to the freezing wastes of Cocytus.
 70115 | Hell     | Found a gateway to the decaying netherworld of Tartarus.
 70166 | Hell     | Found a gateway to the ashen valley of Gehenna.
 70326 | Hell     | Upgraded the game from 0.31-a0-1225-g50297eb6a4 to
                  | 0.31-a0-1237-gabc64e778c
 70633 | Tomb:1   | Entered Level 1 of the Tomb of the Ancients
 70972 | Tomb:1   | Noticed a royal mummy
 70981 | Tomb:1   | Killed a royal mummy
 71135 | Tomb:1   | Noticed a royal mummy
 71141 | Tomb:1   | Killed a royal mummy
 71214 | Tomb:1   | Noticed a royal mummy
 71218 | Tomb:1   | Killed a royal mummy
 72148 | Depths:3 | Voluntarily entered the Abyss.
 72148 | Abyss:1  | Found a corrupted altar of Lugonu.
 72200 | Abyss:1  | Found a corrupted altar of Lugonu.
 72216 | Abyss:1  | Found a corrupted altar of Lugonu.
 72216 | Abyss:1  | Found a corrupted altar of Lugonu.
 72334 | Abyss:3  | Found a corrupted altar of Lugonu.
 72876 | Abyss:4  | Found a corrupted altar of Lugonu.
 72990 | Abyss:4  | Got an abyssal rune of Zot
 73038 | Abyss:4  | Found a corrupted altar of Lugonu.
 73054 | Abyss:4  | Gained mutation: Your body sometimes deteriorates upon
                  | taking damage. [a cacodemon]
 73107 | Depths:3 | Escaped the Abyss
 74445 | Pan      | Entered Pandemonium
 74948 | Pan      | Noticed Kutricor the pandemonium lord
 74953 | Pan      | Killed Kutricor the pandemonium lord
 75658 | Pan      | Lost mutation: You are dopey. (Int -2) [a cacodemon]
 75683 | Pan      | Noticed Unaherat the pandemonium lord
 75691 | Pan      | Killed Unaherat the pandemonium lord
 75725 | Pan      | Identified the +7 falchion "Qidoffao" {freeze, *Corrode
                  | rElec rC+++ Str+3}
 75732 | Pan      | Identified the staff "Puczas" {rPois rN+ Int+6 Poison}
 76577 | Pan      | Noticed Wykah the pandemonium lord
 76586 | Pan      | Killed Wykah the pandemonium lord
 77233 | Pan      | Got a demonic rune of Zot
 78333 | Pan      | Noticed Dapromub the pandemonium lord
 78402 | Pan      | Killed Dapromub the pandemonium lord
 79258 | Pan      | Noticed Ignacio
 79269 | Pan      | Killed Ignacio
 79270 | Pan      | Reached skill level 15 in Spellcasting
 79537 | Pan      | Found an exit through the horrors of the Abyss.
 79707 | Pan      | Noticed Yqig the pandemonium lord
 79719 | Pan      | Killed Yqig the pandemonium lord
 80073 | Pan      | Took an exit into the Abyss.
 80073 | Abyss:4  | Escaped into the Abyss
 80089 | Depths:2 | Escaped the Abyss
 80372 | Zig:1    | Entered Level 1 of a ziggurat
 80382 | Zig:2    | Entered Level 2 of a ziggurat
 80406 | Zig:3    | Entered Level 3 of a ziggurat
 80429 | Zig:4    | Entered Level 4 of a ziggurat
 80466 | Zig:5    | Entered Level 5 of a ziggurat
 80497 | Zig:6    | Entered Level 6 of a ziggurat
 80519 | Zig:6    | Identified the +5 bardiche of Ascent {venom, rN+ Str+2}
 80528 | Zig:7    | Entered Level 7 of a ziggurat
 80539 | Zig:7    | Paralysed by accursed screaming for 2 turns
 80657 | Zig:8    | Entered Level 8 of a ziggurat
 80662 | Zig:8    | Noticed a dread lich
 80671 | Zig:8    | Killed a dread lich
 80711 | Zig:9    | Entered Level 9 of a ziggurat
 80719 | Zig:9    | Found the +7 Spriggan's Knife {stab, EV+4 Stlth+}
 80776 | Zig:10   | Entered Level 10 of a ziggurat
 80792 | Zig:10   | Noticed Kumoshis the pandemonium lord
 80815 | Zig:10   | Killed Kumoshis the pandemonium lord
 80844 | Zig:11   | Entered Level 11 of a ziggurat
 80883 | Zig:11   | Identified the +9 short sword of Fareinyi {holy, rF+ rC+
                  | Stlth+}
 80888 | Zig:11   | Identified the ring "Wihuc" {Fly rCorr}
 80915 | Zig:12   | Entered Level 12 of a ziggurat
 81142 | Depths:3 | Bought a scroll of teleportation for 39 gold pieces
 81142 | Depths:3 | Bought a scroll of blinking for 97 gold pieces
 81142 | Depths:3 | Bought a scroll of teleportation for 39 gold pieces
 81203 | Pan      | Entered the realm of Gloorx Vloq.
 81203 | Pan      | Entered Pandemonium
 81782 | Pan      | Noticed Gloorx Vloq
 81796 | Pan      | Killed Gloorx Vloq
 81812 | Pan      | Got a dark rune of Zot
 81949 | Pan      | Noticed Osellaja the pandemonium lord
 81959 | Pan      | Killed Osellaja the pandemonium lord
 82535 | Pan      | Acquired 907 gold pieces
 83394 | Pan      | Found an exit through the horrors of the Abyss.
 83919 | Pan      | Noticed Arealet the pandemonium lord
 83926 | Pan      | Killed Arealet the pandemonium lord
 84335 | Pan      | Found an exit through the horrors of the Abyss.
 85183 | Pan      | Noticed Ecvoenk the pandemonium lord
 85200 | Pan      | Killed Ecvoenk the pandemonium lord
 85302 | Depths:4 | Escaped Pandemonium
 85312 | Pan      | Entered the realm of Cerebov.
 85312 | Pan      | Entered Pandemonium
 85312 | Pan      | Found an exit through the horrors of the Abyss.
 86002 | Pan      | Got the Treatise on the Serac and the Tropics
 86003 | Pan      | Identified the +1 trident of Duty {flame, Int+6}
 86005 | Pan      | Identified the +1 robe of the Stars {rPois Will- MP-9
                  | Int+7}
 86057 | Pan      | Identified the +4 ring mail of Yesterday {Regen+ Str+3
                  | Slay-6}
 86068 | Pan      | Found the +6 sword of Cerebov {flame}
 86068 | Pan      | Noticed Cerebov
 86096 | Pan      | Killed Cerebov
 86121 | Pan      | Got a fiery rune of Zot
 86149 | Pan      | Identified the +4 shortbow of Gozag's Respect {freeze,
                  | +Blink rF+ rCorr}
 86158 | Pan      | Identified the ring "Huaniup" {+Blink rC+++ Str+5 Int+6
                  | Slay-6}
 86164 | Pan      | Identified the +3 mace "Wughuck" {antimagic, Int+7}
 86181 | Pan      | Identified the ring of Ignis's Fury {Fire rN+ SInv}
 86183 | Pan      | Identified the ring "Rose" {rElec rN+ Will+ rCorr Str+3}
 86499 | Pan      | Noticed Rahan the pandemonium lord
 86507 | Pan      | Killed Rahan the pandemonium lord
 86559 | Pan      | Entered the realm of Lom Lobon.
 86833 | Pan      | Acquired the ring "Ygicag" {Fire rN++ Stlth+}
 86837 | Pan      | Acquired the amulet of Jypey {Regen+ MP+9 Str+2}
 86853 | Pan      | Acquired Sif Muna's Handbook of the Excursion and Blight
 86882 | Pan      | Learned a level 3 spell: Gell's Gravitas
 87508 | Pan      | Noticed Lom Lobon
 87530 | Pan      | Killed Lom Lobon
 87547 | Pan      | Got a magical rune of Zot
 87674 | Pan      | Entered the realm of Mnoleg.
 87700 | Pan      | Found an exit through the horrors of the Abyss.
 88179 | Pan      | Noticed Mnoleg
 88187 | Pan      | Killed Mnoleg
 88253 | Pan      | Got a glowing rune of Zot
 88435 | Depths:4 | Escaped Pandemonium
 88490 | Coc:1    | Entered Level 1 of Cocytus
 88546 | Coc:1    | Paralysed by a wendigo for 1 turns
 88889 | Coc:3    | Noticed an ancient lich
 88897 | Coc:3    | Killed an ancient lich
 89047 | Coc:4    | Paralysed by a wendigo for 1 turns
 89771 | Coc:7    | Entered Level 7 of Cocytus
 89833 | Coc:7    | Paralysed by a wendigo for 1 turns
 89848 | Coc:7    | Paralysed by a wendigo for 1 turns
 89889 | Coc:7    | Reached skill level 27 in Fighting
 90064 | Coc:7    | Paralysed by a wendigo for 1 turns
 90114 | Coc:7    | Noticed Antaeus
 90128 | Coc:7    | Killed Antaeus
 90162 | Coc:7    | Got an icy rune of Zot
 90221 | Coc:7    | Identified the +4 chain mail of the Four Portals {Int-3
                  | Dex+3 SInv}
 90337 | Coc:7    | Paralysed by a wendigo for 1 turns
 90513 | Coc:7    | Learned a level 5 spell: Yara's Violent Unravelling
 90747 | Geh:1    | Entered Level 1 of Gehenna
 90756 | Geh:1    | Reached skill level 1 in Hexes
 91254 | Geh:3    | Reached skill level 5 in Hexes
 92154 | Geh:7    | Entered Level 7 of Gehenna
 92172 | Geh:7    | Upgraded the game from 0.31-a0-1237-gabc64e778c to
                  | 0.31-a0-1265-gaa4636e842
 92314 | Geh:7    | Reached skill level 27 in Unarmed Combat
 92679 | Geh:7    | Reached skill level 10 in Hexes
 93011 | Geh:7    | Found the +2 hood of the Assassin {Detect Stab+ Stlth++}
 93136 | Geh:7    | Found the +13 sceptre of Asmodeus
 93136 | Geh:7    | Noticed Asmodeus
 93387 | Geh:7    | Killed Asmodeus
 93395 | Geh:7    | Identified the +4 scale mail "Acvor" {Harm rElec rCorr
                  | MP-9}
 93397 | Geh:7    | Got an obsidian rune of Zot
 93817 | Tar:1    | Entered Level 1 of Tartarus
 93981 | Tar:2    | Found a runed translucent door.
 95049 | Tar:7    | Entered Level 7 of Tartarus
 96118 | Tar:7    | Identified the ring of Prescription {AC+4 Str+8 Int-4
                  | Slay+6 Stlth-}
 96199 | Tar:7    | Noticed the Serpent of Hell
 96218 | Tar:7    | Killed the Serpent of Hell
 96231 | Tar:7    | Reached skill level 15 in Stealth
 96257 | Tar:7    | Noticed Ereshkigal
 96286 | Tar:7    | Killed Ereshkigal
 96329 | Tar:7    | Identified the amulet of Lissag Berph {Faith Dex+3}
 96329 | Tar:7    | Found the +5 Storm Queen's Shield {shock, Fly rElec}
 96334 | Tar:7    | Identified the staff of the Dead {rPois Str-3 Dex+4 Ice
                  | Earth}
 96335 | Tar:7    | Identified the staff of Vudefy {rPois rC+ Poison}
 96339 | Tar:7    | Got a bone rune of Zot
 97362 | Dis:1    | Entered Level 1 of the Iron City of Dis
 97362 | Dis:1    | Noticed an ancient lich
 97392 | Dis:1    | Killed an ancient lich
 99022 | Dis:7    | Entered Level 7 of the Iron City of Dis
 99057 | Dis:7    | Reached skill level 15 in Evocations
100056 | Dis:7    | Noticed a juggernaut
100066 | Dis:7    | Killed a juggernaut
100106 | Dis:7    | Identified the ring "Efuet" {Fly rF+ Str-2 Int+3 Dex+5}
100114 | Dis:7    | Identified the +10 flail of Xoulien {flame, rPois}
100528 | Dis:7    | Noticed a dread lich
100538 | Dis:7    | Killed a dread lich
100738 | Dis:7    | Noticed a juggernaut
100738 | Dis:7    | Noticed Dispater
100740 | Dis:7    | Killed a juggernaut
100741 | Dis:7    | Killed Dispater
100790 | Dis:7    | Identified the ring "Ricyler" {rN++ Int-2 Dex+4 Slay-2
                  | SInv}
100796 | Dis:7    | Identified the +1 glaive "Ogreslayer" {holy, rF+ rC++
                  | Str+2}
100798 | Dis:7    | Got an iron rune of Zot
100991 | Hell     | Upgraded the game from 0.31-a0-1265-gaa4636e842 to
                  | 0.31-a0-1278-g11c5b68f87
101730 | Tomb:2   | Noticed a royal mummy
101730 | Tomb:2   | Noticed a royal mummy
101730 | Tomb:2   | Noticed a royal mummy
101730 | Tomb:2   | Noticed a royal mummy
101736 | Tomb:2   | Killed a royal mummy
101747 | Tomb:2   | Killed a royal mummy
101748 | Tomb:2   | Noticed Boris
101753 | Tomb:2   | Killed a royal mummy
101754 | Tomb:2   | Killed Boris
101755 | Tomb:2   | Killed a royal mummy
102216 | Tomb:1   | Noticed a royal mummy
102219 | Tomb:1   | Killed a royal mummy
102288 | Tomb:1   | Noticed a royal mummy
102288 | Tomb:1   | Noticed a royal mummy
102297 | Tomb:1   | Noticed a royal mummy
102299 | Tomb:1   | Noticed a royal mummy
102300 | Tomb:1   | Killed a royal mummy
102301 | Tomb:1   | Killed a royal mummy
102308 | Tomb:1   | Killed a royal mummy
102309 | Tomb:1   | Killed a royal mummy
102329 | Tomb:1   | Noticed a royal mummy
102330 | Tomb:1   | Noticed a royal mummy
102332 | Tomb:1   | Noticed a royal mummy
102337 | Tomb:1   | Killed a royal mummy
102338 | Tomb:1   | Noticed a royal mummy
102339 | Tomb:1   | Killed a royal mummy
102342 | Tomb:1   | Killed a royal mummy
102344 | Tomb:1   | Killed a royal mummy
102345 | Tomb:1   | Noticed a royal mummy
102346 | Tomb:1   | Noticed a royal mummy
102350 | Tomb:1   | Killed a royal mummy
102357 | Tomb:1   | Killed a royal mummy
102358 | Tomb:1   | Noticed a royal mummy
102359 | Tomb:1   | Noticed a royal mummy
102363 | Tomb:1   | Killed a royal mummy
102364 | Tomb:1   | Killed a royal mummy
102365 | Tomb:1   | Noticed a royal mummy
102372 | Tomb:1   | Killed a royal mummy
102375 | Tomb:1   | Noticed a royal mummy
102383 | Tomb:1   | Killed a royal mummy
102384 | Tomb:1   | Noticed a royal mummy
102391 | Tomb:1   | Killed a royal mummy
102391 | Tomb:1   | Noticed a royal mummy
102392 | Tomb:1   | Noticed a royal mummy
102393 | Tomb:1   | Noticed a royal mummy
102395 | Tomb:1   | Killed a royal mummy
102396 | Tomb:1   | Noticed a royal mummy
102397 | Tomb:1   | Killed a royal mummy
102399 | Tomb:1   | Noticed a royal mummy
102404 | Tomb:1   | Killed a royal mummy
102410 | Tomb:1   | Killed a royal mummy
102414 | Tomb:1   | Killed a royal mummy
102418 | Tomb:1   | Noticed a royal mummy
102427 | Tomb:1   | Killed a royal mummy
102674 | Tomb:3   | Entered Level 3 of the Tomb of the Ancients
102723 | Tomb:3   | Noticed a royal mummy
102727 | Tomb:3   | Noticed a royal mummy
102727 | Tomb:3   | Noticed a royal mummy
102730 | Tomb:3   | Noticed a royal mummy
102732 | Tomb:3   | Noticed a royal mummy
102733 | Tomb:3   | Noticed a royal mummy
102733 | Tomb:3   | Noticed Khufu
102733 | Tomb:3   | Killed a royal mummy
102734 | Tomb:3   | Killed a royal mummy
102734 | Tomb:3   | Killed a royal mummy
102741 | Tomb:3   | Noticed a royal mummy
102741 | Tomb:3   | Killed a royal mummy
102745 | Tomb:3   | Killed a royal mummy
102749 | Tomb:3   | Killed Khufu
102750 | Tomb:3   | Killed a royal mummy
102757 | Tomb:3   | Killed a royal mummy
102762 | Tomb:3   | Noticed a royal mummy
102766 | Tomb:3   | Killed a royal mummy
102812 | Tomb:3   | Identified the +1 cloak of Qiveuskoa {rPois rF+++ rC+
                  | Str-5}
102815 | Tomb:3   | Identified the ring of Day {Will+ AC+4}
102831 | Tomb:3   | Identified the ring "Quw Mul" {rElec Int+6}
102843 | Tomb:3   | Identified the +0 mace "Vopis" {freeze, rN+}
102871 | Tomb:3   | Identified the +2 robe of Pathos {rF+ rN+ Will+}
103115 | Tomb:3   | Got a golden rune of Zot
103828 | Zot:5    | Entered Level 5 of the Realm of Zot
103866 | Zot:5    | Noticed an ancient lich
103867 | Zot:5    | Noticed a dread lich
103868 | Zot:5    | Noticed an orb of fire
103868 | Zot:5    | Noticed an ancient lich
103868 | Zot:5    | Noticed a dread lich
103869 | Zot:5    | Noticed an orb of fire
103871 | Zot:5    | Killed a dread lich
103871 | Zot:5    | Killed an ancient lich
103874 | Zot:5    | Killed an orb of fire
103879 | Zot:5    | Killed an orb of fire
103879 | Zot:5    | Killed an ancient lich
103880 | Zot:5    | Noticed an ancient lich
103884 | Zot:5    | Killed a dread lich
103887 | Zot:5    | Killed an ancient lich
104405 | Zot:5    | Got the Orb of Zot
104566 | Depths:4 | Noticed Boris
104572 | Depths:4 | Killed Boris
104809 | D:9      | Noticed Sun Ico the pandemonium lord
104816 | D:9      | Killed Sun Ico the pandemonium lord
104965 | D:$      | Escaped with the Orb!

Illustrated notes

Levels and vault maps discovered:
D:1:      ncdulo_halloftheorcs, layout_basic, st_stairs_9, dk_noncrumbling_4
D:2:      layout_rooms, chequers_ecumenical_altar_simple_redux, basic_altar,
          dreamdust_princess_corridor, lightli_corner_chamber, uniq_natasha,
          uniq_sigmund
D:3:      layout_basic
D:4:      layout_loops_cross, nicolae_overflow_crystal_walls,
          mainiacjoe_overflow_surrounded_room, minmay_temple_entry_crystal_x,
          gup_sewer_entry_spiral
D:5:      layout_rooms, hellmonk_ghost_happy_afterlife, uniq_duvessa
D:6:      layout_cave_pods, grunt_dithmenos_shadows, kennysheep_another_room,
          minmay_quadrilaterals, uniq_eustachio, uniq_edmund
D:7:      nzn_winding_woodlands_large [nzn_winding_woodlands_5x5_closed_star,
          nzn_winding_woodlands_5x15_zeroes, nzn_winding_woodlands_5x5_cross,
          nzn_winding_woodlands_center_lodge,
          nzn_winding_woodlands_15x15_eel_pit,
          nzn_winding_woodlands_center_garden, nzn_winding_woodlands_5x5_three,
          nzn_winding_woodlands_5x15_lazy_stream,
          nzn_winding_woodlands_5x5_open_star], layout_cave_pods
D:8:      minmay_opposing_rooms, layout_rooms, uniq_erica, uniq_maurice,
          uniq_pikel, uniq_maggie
D:9:      layout_basic, david_orc_3, uniq_gastronok
D:10:     layout_cross, amethyst_overflow_temple_binary,
          minmay_lair_entry_grove, serial_shops, shop_statue, shop,
          nicolae_shop_tiny_glass
D:11:     layout_basic, minmay_beelzebubs_servants, uniq_lodul
D:12:     layout_irregular_city, serial_shops, nicolae_shop_tiny_statue_garden,
          portal_ice_cave_demonic_guard, uniq_fannar
D:13:     minmay_swirls_squares, layout_rooms, serial_shops,
          nicolae_shop_back_alley_shop, kennysheep_donut
D:14:     layout_loops_cross, nicolae_trove_entry_path_of_doom,
          nicolae_xom_altar_mimics
D:15:     gammafunk_depths_entry_grave, layout_basic, serial_park_gazebo
          [serial_park_minivault_5x5_3], hangedman_ru_absence
Temple:   hellmonk_temple_divided_pantheon
Lair:1:   layout_regular_city, maelrawn_ghost_gauntlet_escape
Lair:2:   layout_regular_city, minmay_swamp_entry_swarm, basic_altar,
          nicolae_lair_lindhole
Lair:3:   layout_loops_ring, nicolae_spider_entry_lesser_pyramids, tgw_fedhas,
          serial_bayou_shore_a
Lair:4:   layout_hall_layers, dpeg_slime_entry_enclosed, pf_torpor_hydra,
          lemuel_fruit_fields, uniq_nessos
Lair:5:   minmay_lair_end_enchanted_forest, layout_cellular_growth,
          serial_bayou_pond_d
Swamp:1:  layout_basic_swamp, evilmike_swamp_ruin_house_5, swamp_pool_1_2,
          infiniplex_staircase_pool, uniq_mlioglotl, uniq_donald
Swamp:2:  layout_basic_swamp, evilmike_swamp_ruin_wall, uniq_louise
Swamp:3:  cheibrodos_swamp_monstrosity, layout_basic_swamp,
          evilmike_swamp_ruin_rubble_2, infiniplex_staircase_pool_2,
          nicolae_swamp_decorative_isthmus
Swamp:4:  swamp_basic_johnstein, layout_basic_swamp, swamp_pool_5
Spider:1: layout_chambers, nzn_ghost_randoct
Spider:2: layout_spider_delve, nicolae_spider_baby_got_redback
Spider:3: gammafunk_boulding_lane, uniq_arachne
Spider:4: spider_rune_water, uniq_kirke
Slime:1:  layout_caves
Slime:2:  nicolae_slime_pool, layout_caves, cheibrodos_slime_lost_civilization_4
Slime:3:  layout_caves
Slime:4:  layout_caves, special_room [special_room_jelly]
Slime:5:  slime_pit_nicolae_trefoil
Orc:1:    layout_diamond_mine, basic_altar, nicolae_orc_crystal_geode, uniq_urug
Orc:2:    st_orc_open, layout_diamond_mine, uniq_erolcha
Elf:1:    nicolae_elf_arrival_aired_out, layout_gridlike, serial_shops,
          nicolae_shop_trees, nicolae_elf_shapeshifter_party,
          lemuel_upstairs_altar, minmay_shoptagon
Elf:2:    elven_hall_of_blades_hangedman_original [nicolae_blade_bullseye],
          layout_geoelf_octagon, gammafunk_ghost_wrathful_warriors,
          amcnicky_mini_corridor_feature, hex_medium, minivault_8, uniq_norris
Elf:3:    minmay_elf_hall_hex, layout_geoelf_castle, serial_shops, shop,
          kilobyte_rumbling_trees
Vaults:1: nicolae_vaults_tetromino_L_2, nicolae_vaults_rhombus_5,
          nicolae_vaults_what_the_h, nicolae_vaults_tetromino_T_2,
          vaults_dpeg_hooks, grunt_vaults_twisty, hangedman_vaults_river_flow,
          vaults_dpeg_ring, nicolae_vaults_six-pack,
          ontoclasm_vaults_decontamination, layout_vaults_omnigrid,
          serial_shops, nicolae_shop_tiny_glass
Vaults:2: minmay_crypt_entry_skeletal_spiral, v_pattern_5, v_misc_19,
          vaults_mumra_hex, nicolae_vaults_tetromino_L_1, serial_ice_m,
          vaults_room_boxed, grunt_vaults_focal, v_alt_pattern_3,
          nicolae_vaults_security_offices_2, vaults_room_large_hall,
          nicolae_vaults_sesquioval_fish, nicolae_vaults_trapezoid_lopsided_1,
          nicolae_vaults_house_1, nicolae_vaults_house_2, layout_vaults_ring
Vaults:3: nicolae_vaults_stairing_the_circle, vaults_room_semicircle,
          v_alt_pattern_2, vaults_room_semicircle, nicolae_vaults_spaceships,
          nicolae_vaults_more_shelving_1, hangedman_vaults_cutoff,
          v_alt_pattern_5, vaults_room_hallway, layout_vaults_big_room,
          uniq_mennas
Vaults:4: portal_desolation_entry_twin_temple, nicolae_vaults_tetromino_L_1,
          nicolae_vaults_network_star, vaults_standard_mumra_enter_the_diamond,
          hangedman_vaults_stitches, v_rooms_1,
          minmay_guarded_unrand_sword_of_power, nicolae_vaults_octothorpe,
          nicolae_vaults_sightless_eye, nicolae_vaults_three_branches,
          nicolae_vaults_little_squares_4, vaults_room_semicircle,
          layout_vaults_omnicross, serial_shops, bzr_entry_islet, uniq_xtahua
Vaults:5: serial_shops
Crypt:1:  layout_gridlike, palyth_stone_intersect, grunt_crypt_arrival_webbed
Crypt:2:  dreamdust_cat_pyramid, layout_chaotic_city, st_stairs_3,
          lemuel_elevator
Crypt:3:  grunt_crypt_end_deaths_head
Tomb:1
Tomb:2:   uniq_boris
Tomb:3
Depths:1: layout_gridlike, serial_shops, bzr_entry_safe, serial_aquarium,
          aquarium_bridge_square [aquarium_subvault_wall,
          aquarium_subvault_window, aquarium_subvault_bridge,
          aquarium_subvault_window], aquarium_bridge_long_separate
          [aquarium_subvault_bridge, aquarium_subvault_wall,
          aquarium_subvault_bridge, aquarium_subvault_bridge,
          aquarium_subvault_wall, aquarium_subvault_wall], aquarium_window_1,
          aquarium_window_fake, aquarium_window_fake, aquarium_window_fake,
          aquarium_view_2b, aquarium_view_2a, aquarium_pool_corner,
          grunt_metal_band
Depths:2: minmay_nine_rooms, layout_gridlike, kennysheep_pointless_box,
          hellmouth_1, rand_demon_pan_entry_3
Depths:3: minmay_skeletal_surprise, layout_honeycomb, enter_ziggurat_f,
          grunt_hell_entry_dis_grunt, serial_shops, shop,
          nicolae_abyss_entry_one_way_or_another, grunt_gozag_statues,
          infiniplex_staircase_x
Depths:4: grunt_zot_entry_tricorne, layout_cave_shapes, serial_column_ruins,
          column_ruins_hut_ruined, column_ruins_open_tiny, column_ruins_grid_2,
          column_ruins_columns_straight, column_ruins_open_medium,
          column_ruins_open_medium, column_ruins_open_tiny,
          hangedman_decor_diamond_cutter, pf_hell_entry_tar_river,
          rand_demon_pan_entry_7, kb_rosetta
Hell
Dis:1:    layout_regular_city, evilmike_ambush [evilmike_ambush_outer_basic,
          evilmike_ambush_inner_basic], nicolae_dis_strange_trophy_room
Dis:2:    layout_subdivisions
Dis:3:    layout_subdivisions
Dis:4:    layout_regular_city
Dis:5:    lightli_tower_of_babel
Dis:6:    layout_subdivisions
Dis:7:    dis_st
Geh:1:    layout_gehenna_pools_basic
Geh:2:    layout_gehenna_pools_box
Geh:3:    layout_gehenna_pools_triple
Geh:4:    layout_gehenna_pools_box
Geh:5:    layout_gehenna_pools_box, nicolae_geh_lavax
Geh:6:    layout_gehenna_lava_caves, lemuel_flamethrower_2
Geh:7:    geh_grunt
Coc:1:    layout_ice_bergs
Coc:2:    nicolae_coc_caroushell, layout_cocytus_delve
Coc:3:    layout_cocytus_delve
Coc:4:    layout_cocytus_water_paths
Coc:5:    layout_ice_bergs
Coc:6:    nicolae_coc_icebeans_plural [nicolae_sub_coc_subbean,
          nicolae_sub_coc_subbean, nicolae_sub_coc_subbean,
          nicolae_sub_coc_subbean], layout_ice_bergs
Coc:7:    coc_dpeg
Tar:1:    layout_cathedral_of_symmetry
Tar:2:    nicolae_tar_ssshhh
Tar:3:    layout_grid_maze
Tar:4:    nicolae_tar_checkpoint_tarlie, layout_cathedral_of_symmetry
Tar:5:    layout_cathedral_of_symmetry
Tar:6:    layout_honeycomb
Tar:7:    tar_minmay_river
Zot:1:    kennysheep_spiral_hall, layout_basic, grunt_megastairs_2
Zot:2:    hellmonk_crystal_mountain, layout_gridlike,
          regret_index_zotdec_slimy_original
Zot:3:    layout_basic, regret_index_zotdec_banners
Zot:4:    layout_misc_corridors, basic_altar
Zot:5:    layout_misc_corridors

Skill      XL: |  1  2  3  4  5  6  7  8  9 10 11 12 13 14 15 16 17 18 19 20 21 22 23 24 25 26 27 |
---------------+----------------------------------------------------------------------------------+-----
Stealth        | 1 2 3 7 10 18 | 18.1
Unarmed Combat | 3 4 5 6 8 10 11 12 13 14 15 16 17 18 19 21 27 | 27.0
Translocations | 4 6 7 10 12 14 16 | 16.4
Spellcasting   | 4 5 8 9 11 12 13 25 | 25.9
Fighting       | 3 6 7 9 10 11 12 13 15 17 18 20 27 | 27.0
Dodging        | 5 6 8 9 10 12 14 15 19 | 19.4
Evocations     | 1 5 9 10 16 | 16.5
Armour         | 3 5 7 8 10 | 10.1
Shields        | 4 5 8 12 14 15 24 | 24.4
Air Magic      | 5 |  5.7
Conjurations   | 3 |  3.4
Poison Magic   | 4 |  4.7
Transmutations | 3 5 7 |  7.6
Shapeshifting  | 6 14 23 | 23.0
Hexes          | 10 | 10.0
Throwing       | |  0.8

Action                     |  1- 3 |  4- 6 |  7- 9 | 10-12 | 13-15 | 16-18 | 19-21 | 22-24 | 25-27 || total
---------------------------+-------+-------+-------+-------+-------+-------+-------+-------+-------++-------
  Melee: Unarmed           |   145 |   159 |   191 |   437 |  1271 |  1732 |  1627 |  2123 |  8712 || 16397
         Bite              |    35 |    26 |    50 |   141 |   426 |   683 |   762 |   954 |  3631 ||  6708
         Punch             |     1 |     6 |    12 |    38 |    53 |       |       |       |    12 ||   122
  Throw: Stone             |     4 |    11 |     2 |       |       |       |       |       |       ||    17
         Dart              |       |     3 |    30 |    45 |   105 |    54 |     2 |     1 |       ||   240
         Throwing net      |       |       |       |       |       |       |       |     2 |       ||     2
   Cast: Blink             |       |       |     1 |     1 |     2 |     2 |     1 |     2 |     1 ||    10
         Manifold Assault  |       |       |       |       |     1 |    54 |    48 |    49 |   440 ||   592
         Lesser Beckoning  |       |       |       |       |       |     2 |       |       |     5 ||     7
         Mephitic Cloud    |       |       |       |       |       |    10 |    43 |     2 |     2 ||    57
         Vhi's Electric Ch |       |       |       |       |       |    11 |   102 |   126 |   350 ||   589
         Wereblood         |       |       |       |       |       |     7 |    14 |    26 |    14 ||    61
         Poisonous Vapours |       |       |       |       |       |       |    12 |    18 |       ||    30
         Dispersal         |       |       |       |       |       |       |       |     1 |    30 ||    31
         Iskenderun's Myst |       |       |       |       |       |       |       |       |     1 ||     1
         Yara's Violent Un |       |       |       |       |       |       |       |       |     4 ||     4
         Apportation       |       |       |       |       |       |       |       |       |     1 ||     1
 Invoke: Serpent's Lash    |       |       |     2 |     7 |     8 |     7 |     8 |    11 |    20 ||    63
         Heavenly Storm    |       |       |       |     1 |     1 |     2 |       |     2 |    16 ||    22
Ability: Lunge             |       |     4 |    42 |    57 |   113 |   143 |   102 |   109 |   699 ||  1269
         Whirlwind         |       |       |    18 |    92 |   398 |   414 |   245 |   604 |  2168 ||  3939
         Siphon Essence    |       |       |       |       |       |       |       |       |     1 ||     1
  Evoke: Wand              |       |       |     7 |    22 |    14 |     2 |       |     6 |    14 ||    65
         Tin of tremorston |       |       |       |       |     1 |       |       |       |     3 ||     4
         Phantom mirror    |       |       |       |       |     1 |     2 |       |     1 |     2 ||     6
         Box of beasts     |       |       |       |       |       |     1 |       |     1 |     3 ||     5
         Phial of floods   |       |       |       |       |       |       |       |     1 |       ||     1
         Horn of Geryon    |       |       |       |       |       |       |       |       |     3 ||     3
    Use: Scroll            |       |     4 |     9 |     8 |    10 |     6 |     2 |     8 |    38 ||    85
         Potion            |       |       |     2 |       |       |     3 |     3 |     2 |    13 ||    23
   Stab: Sleeping          |     4 |     3 |     7 |    13 |    11 |    17 |    14 |     8 |    80 ||   157
         Petrified         |       |       |       |       |     1 |       |       |       |       ||     1
         Distracted        |       |       |       |       |       |     5 |     1 |     1 |    58 ||    65
         Confused          |       |       |       |       |       |    17 |    30 |     5 |     4 ||    56
         Paralysed         |       |       |       |       |       |       |       |     1 |       ||     1
         Held in net/web   |       |       |       |       |       |       |       |     1 |       ||     1
 Armour: Leather armour    |    68 |    66 |    80 |       |       |       |       |       |       ||   214
         Acid dragon scale |       |       |       |   173 |    43 |       |       |       |       ||   216
         Swamp dragon scal |       |       |       |       |   516 |   818 |   494 |       |       ||  1828
         Ring mail         |       |       |       |       |       |       |    71 |   691 |   436 ||  1198
         Quicksilver drago |       |       |       |       |       |       |       |       |   846 ||   846
         Robe              |       |       |       |       |       |       |       |       |   533 ||   533
         Skin              |       |       |       |       |       |       |       |       |   473 ||   473
  Dodge: Dodged            |    41 |    54 |    49 |   150 |   561 |   927 |   621 |   746 |  2885 ||  6034
  Block: Buckler           |       |       |       |       |   107 |   316 |   231 |   114 |       ||   768
         Kite shield       |       |       |       |       |       |       |       |   756 |  3329 ||  4085
         Tower shield      |       |       |       |       |       |       |       |       |   462 ||   462
   Form: Death             |       |       |       |       |       |       |       |       |     4 ||     4
                           |       |       |       |       |       |       |       |       |     3 ||     3
         Statue            |       |       |       |       |       |       |       |       |     2 ||     2
         Blade             |       |       |       |       |       |       |       |       |     1 ||     1

Table legend: (Time is in decaauts)
 A = Elapsed time spent in this place.
 B = Non-inter-level travel time spent in this place.
 C = Inter-level travel time spent in this place.
 D = Time resting spent in this place.
 E = Time spent auto-exploring this place.
 F = Levels seen in this place.
 G = Mean time per level.
                   A        B        C        D        E       F      G
               +--------+--------+--------+--------+--------+-----+--------+
         Total | 108397 |  89970 |  18427 |  12431 |  42777 | 125 |  867.2 |
       Dungeon |  17995 |  12773 |   5222 |    883 |   7798 |  15 | 1199.7 |
        Temple |     36 |     36 |      0 |      0 |      0 |   1 |   36.0 |
          Lair |   8798 |   6295 |   2503 |    514 |   3949 |   5 | 1759.6 |
         Swamp |   5279 |   4065 |   1214 |    746 |   1658 |   4 | 1319.8 |
   Spider Nest |   5177 |   4084 |   1093 |    725 |   1768 |   4 | 1294.2 |
    Slime Pits |   4908 |   4400 |    508 |    480 |   2862 |   5 |  981.6 |
  Orcish Mines |   1979 |   1419 |    560 |    106 |    792 |   2 |  989.5 |
   Elven Halls |   5680 |   5300 |    380 |   1959 |   1445 |   3 | 1893.3 |
        Vaults |   8539 |   7098 |   1441 |   1351 |   3069 |   5 | 1707.8 |
         Crypt |   4817 |   3849 |    968 |   1173 |   1101 |   3 | 1605.7 |
          Tomb |   2914 |   2580 |    334 |    421 |    976 |   3 |  971.3 |
        Depths |   7104 |   4717 |   2387 |    396 |   2952 |   4 | 1776.0 |
          Hell |    915 |    707 |    208 |     36 |    490 |   1 |  915.0 |
           Dis |   3413 |   3168 |    245 |    271 |   1456 |   7 |  487.6 |
       Gehenna |   2896 |   2791 |    105 |    511 |   1224 |   7 |  413.7 |
       Cocytus |   2106 |   1959 |    147 |    177 |   1083 |   7 |  300.9 |
      Tartarus |   3329 |   3091 |    238 |     96 |   1492 |   7 |  475.6 |
           Zot |   5327 |   4458 |    869 |    871 |   1728 |   5 | 1065.4 |
         Abyss |   1343 |   1343 |      0 |      6 |      0 |   5 |  268.6 |
   Pandemonium |  13250 |  13250 |      0 |   1287 |   6505 |  16 |  828.1 |
      Ziggurat |    724 |    724 |      0 |    191 |      0 |  12 |   60.3 |
        Bazaar |    604 |    604 |      0 |      0 |    223 |   2 |  302.0 |
         Sewer |    630 |    630 |      0 |      0 |    172 |   1 |  630.0 |
      Ice Cave |    623 |    623 |      0 |    226 |     30 |   1 |  623.0 |
               +--------+--------+--------+--------+--------+-----+--------+

Top non-repeatable levels by time:
   Elf:3: 3409 daAuts
  Lair:1: 2605 daAuts
   Tar:7: 2150 daAuts
Depths:2: 2018 daAuts
 Crypt:3: 1957 daAuts
Depths:4: 1949 daAuts
Vaults:2: 1939 daAuts
    D:10: 1920 daAuts
Vaults:5: 1877 daAuts
   Dis:7: 1871 daAuts
Vaults:1: 1821 daAuts
  Lair:4: 1721 daAuts
  Lair:5: 1721 daAuts
Depths:3: 1721 daAuts
     D:7: 1710 daAuts
